 Dungeon Crawl Stone Soup version 0.21-a0-2-ge494091 (webtiles) character file.

16847 grindst0ne the Grappler (level 12, -1/118 HPs)
             Began as a Troll Monk on May 21, 2017.
             Was the Champion of Cheibriados.
             Slain by an elephant (14 damage)
             ... on level 3 of the Lair of Beasts.
             The game lasted 00:44:43 (9837 turns).

grindst0ne the Grappler (Troll Monk)                Turns: 9837, Time: 00:44:44

Health: -1/118     AC: 14    Str: 41      XL:     12   Next: 13%
Magic:  16/16      EV: 15    Int: 21      God:    Cheibriados [******]
Gold:   820        SH:  0    Dex: 24 (25) Spells: 11/11 levels left

rFire    + . .     SeeInvis .     - Unarmed
rCold    . . .     Gourm    +   (no shield)
rNeg     + . .     Faith    .   I - +2 robe {rN+}
rPois    .         Spirit   .   (helmet restricted)
rElec    .         Reflect  .   x - +2 cloak
rCorr    +         Harm     .   (gloves unavailable)
MR       +....     Rnd*Rage +   (boots unavailable)
Stlth    ++........             k - amulet of Xegab {Gourm MR+}
Regen    0.7/turn               i - ring of protection from fire
MPRegen  0.2/turn               F - ring of resist corrosion

@: very slightly contaminated, very slow
A: unfitting armour, claws 3, hooves 1, slimy green scales 1, yellow scales 1,
berserk 1, clumsy 1, deterioration 1, fast metabolism 3, gourmand, regeneration
1, shaggy fur 1, tough skin 2, wild magic 1
a: Bend Time, Temporal Distortion, Slouch, Step From Time, Renounce Religion


You were on level 3 of the Lair of Beasts.
You worshipped Cheibriados.
Cheibriados was exalted by your worship.
You were full.

You visited 3 branches of the dungeon, and saw 13 of its levels.
You also visited: Ossuary.

You collected 820 gold pieces.

Inventory:

Missiles
 o - 9 tomahawks
 w - 3 large rocks (quivered)
 C - 7 javelins of penetration
 Y - 4 throwing nets
Armour
 x - a +2 cloak (worn)
 I - a +2 robe of positive energy (worn)
Jewellery
 g - an uncursed ring of protection from cold
 i - a ring of protection from fire (left claw)
 k - the amulet of Xegab (around neck) {Gourm MR+}
   (You found it on level 8 of the Dungeon)

   [amulet of the gourmand]

   It allows you to eat raw meat even when not hungry.
   It affects your resistance to hostile enchantments.
 z - an uncursed ring of positive energy
 E - an uncursed ring of protection from cold
 F - a ring of resist corrosion (right claw)
 V - a +3 ring of dexterity
Wands
 a - a wand of lightning (7/15)
 f - a wand of paralysis (7/24)
 y - a wand of confusion (11/48)
 B - a wand of flame (31/48)
 K - a wand of enslavement (18/24)
 L - a wand of acid (2/15)
 N - a wand of enslavement (13/24)
 R - a wand of polymorph (13/24)
 U - a wand of flame (21/48)
Scrolls
 t - a scroll of fear
 G - 4 scrolls of teleportation
 S - a scroll of summoning
 T - a scroll of remove curse
Potions
 c - 3 potions of resistance
 e - 4 potions of curing
 h - a potion of cancellation
 j - 2 potions of might
 l - a potion of flight {unknown}
 p - 3 potions of agility {unknown}
 q - 6 potions of lignification {unknown}
 r - 2 potions of degeneration {unknown}
 s - a potion of berserk rage {unknown}
 v - 4 potions of heal wounds {unknown}
 D - a potion of haste {unknown}
 J - a potion of ambrosia {unknown}
Books
 n - a book of Clouds

   Spells                             Type                      Level
   a - Poisonous Vapours              Poison/Air                   2
   b - Mephitic Cloud                 Conjuration/Poison/Air       3
   c - Conjure Flame                  Conjuration/Fire             3
   d - Freezing Cloud                 Conjuration/Ice/Air          6
   e - Ring of Flames                 Charms/Fire                  7
Miscellaneous
 d - a crystal ball of energy
 Z - a phial of floods
Comestibles
 b - 11 bread rations
 m - 7 fruits
 u - 5 royal jellies
 A - a meat ration


   Skills:
 - Level 7.4 Fighting
 - Level 5.1 Throwing
 + Level 6.2 Dodging
 - Level 1.0 Stealth
 * Level 13.4 Unarmed Combat
 + Level 7.6 Invocations


You had 11 spell levels left.
You didn't know any spells.

Dungeon Overview and Level Annotations

Branches:
Dungeon (9/15)             Temple (1/1) D:4            Lair (3/6) D:9
  Snake (0/4) Lair:2          Orc (0/2) D:9
  Swamp: Lair:2-4    Shoals: Lair:2-4

Altars:
Ashenzari
Cheibriados
Dithmenos
Elyvilon
Fedhas
Gozag
Hepliaklqana
Kikubaaqudgha
Makhleb
Nemelex Xobeh
Okawaru
Qazlal
Ru
Sif Muna
Trog
Uskayaw
Vehumet
Wu Jian
Xom
Yredelemnul
Zin
The Shining One
Beogh

Shops:
D:9 }


Innate Abilities, Weirdness & Mutations

You are too large for most types of armour.
You have claws for hands.
Your metabolism is lightning-fast.
You like to eat raw meat.
Your natural rate of healing is unusually fast.
You are covered in fur. (AC +1)
You have very tough skin. (AC +2)
You have large cloven feet.
You are partially covered in slimy green scales. (AC +2)
You are partially covered in yellow scales. (AC +2)
You tend to lose your temper in combat.
You are clumsy. (Dex -2)
Your body sometimes deteriorates upon taking damage.
Your spells are a little harder to cast, but a little more powerful.


Message History

You stumble backwards!
As you read the scroll of summoning, it crumbles to dust.
Wisps of shadow whirl around you...
The elephant tramples you but does no damage.
The elephant completely misses you.
The elephant tramples your water moccasin.
Your water moccasin holds its ground!
The elephant closely misses your water moccasin.
Your black mamba bites the elephant.
The elephant looks as sick as possible!
Your black mamba poisons the elephant!
Your water moccasin bites the elephant.
The elephant is poisoned.
Your water moccasin poisons the elephant!
Your black mamba bites the elephant.
The elephant closely misses your water moccasin.
The elephant trunk-slaps your water moccasin.
Your water moccasin bites the elephant.
Your porcupine bites the elephant.
The elephant completely misses your water moccasin.
The elephant closely misses your water moccasin.
The elephant tramples you!
You die...

###...##...............
#P#....................
#................<.....
###...............##...
#....##.##.......#.)..
#[.Y†#..P#§.......#...
#..SS#P.##§..........)
##.rY#...#§§§.....##.#
#...@#.P§§§......##.#
#.....................
#........^............
........#.##............
.......#.###............
###.#..####
#........#.## #####
#####.###.### ### ###


You could see 2 elephants, a friendly black mamba, a friendly water moccasin and
a friendly porcupine.

Vanquished Creatures
  Harold (Lair:1)
  Erica (D:8)
  2 two-headed ogres
  Urug (Lair:2)
  Nergalle (Lair:2)
  An elephant (Lair:3)
  Joseph (D:8)
  Psyche (D:8)
  A spiny frog (Lair:3)
  3 komodo dragons
  A queen bee (D:8)
  4 hippogriffs
  The ghost of barakagiga the Magician, an amateur DEIE of Vehumet (D:3)
  13 yaks
  A wyvern (D:8)
  A spriggan (D:8)
  A basilisk (Lair:2)
  2 nagas (Lair:2)
  Duvessa (D:6)
  6 water moccasins
  8 porcupines
  2 sky beasts
  An ice beast (D:7)
  4 phantoms
  3 orc warriors
  A black bear (D:9)
  A necrophage (D:8)
  5 ogres
  10 centaurs
  4 crocodiles
  12 bullfrogs
  A scorpion (Lair:2)
  Dowan (D:6)
  3 wights (D:9)
  11 killer bees
  A howler monkey (D:9)
  2 electric eels (Lair:2)
  4 crimson imps
  2 bullfrog zombies (D:7)
  A centaur zombie (Ossuary)
  2 human zombies (Ossuary)
  2 jellies
  10 orc wizards
  7 orc priests
  6 hounds
  3 bullfrog skeletons
  3 centaur skeletons
  3 iguanas
  6 worker ants
  2 big kobold zombies (Ossuary)
  3 mummies
  A worker ant zombie (D:5)
  7 gnolls
  A howler monkey skeleton (D:6)
  13 adders
  A shadow imp (D:5)
  An adder skeleton (D:6)
  3 worms
  4 leopard geckos
  42 orcs
  12 bats
  7 giant cockroaches
  4 gnoll zombies (Ossuary)
  7 goblins
  10 hobgoblins
  7 jackals (D:3)
  2 quokkas
  3 ball pythons
  2 frilled lizards
  2 hobgoblin zombies (Ossuary)
  7 kobolds
  3 orc zombies (Ossuary)
  A quokka skeleton (D:6)
  5 rats
  A spectral orc (D:7)
314 creatures vanquished.

Vanquished Creatures (others)
  A bullfrog (D:6)
  A ball python (D:6)
  25 fungi (D:9)
  2 plants (D:9)
29 creatures vanquished.

Grand Total: 343 creatures vanquished

Notes
Turn   | Place    | Note
-------+----------+-------------------------------------------
     0 | D:1      | grindst0ne the Troll Monk began the quest for the Orb.
     0 | D:1      | Reached XP level 1. HP: 22/22 MP: 0/0
   216 | D:1      | Reached XP level 2. HP: 29/29 MP: 1/1
   856 | D:2      | Reached XP level 3. HP: 23/36 MP: 2/2
   859 | D:2      | Reached skill level 4 in Unarmed Combat
  1016 | D:2      | Reached XP level 4. HP: 38/45 MP: 3/3
  1589 | D:3      | Reached XP level 5. HP: 53/53 MP: 4/4
  1612 | D:3      | Noticed barakagiga's ghost (amateur DEIE)
  1616 | D:3      | Killed barakagiga's ghost
  1616 | D:3      | Reached skill level 5 in Unarmed Combat
  1616 | D:3      | Reached XP level 6. HP: 62/62 MP: 5/5
  2281 | D:4      | Reached skill level 6 in Unarmed Combat
  2363 | D:4      | Found a glowing golden altar of the Shining One.
  2429 | D:4      | Reached skill level 1 in Throwing
  2557 | D:4      | Found a staircase to the Ecumenical Temple.
  2601 | D:4      | Reached XP level 7. HP: 69/70 MP: 6/6
  2816 | D:5      | Entered Level 5 of the Dungeon
  2834 | Temple   | Entered the Ecumenical Temple
  2938 | Temple   | Became a worshipper of Cheibriados the Contemplative
  2938 | Temple   | Reached * piety under Cheibriados
  2938 | Temple   | Reached ** piety under Cheibriados
  3109 | D:5      | Reached skill level 7 in Unarmed Combat
  3119 | D:5      | Gained mutation: Armour fits poorly on your strangely shaped body. [potion of mutation]
  3119 | D:5      | Gained mutation: Scrolls take you a little longer to read. [potion of mutation]
  3119 | D:5      | Gained mutation: You are somewhat resistant to further mutation. [potion of mutation]
  3120 | D:5      | Lost mutation: Scrolls take you a little longer to read. [potion of mutation]
  3120 | D:5      | Lost mutation: Armour fits poorly on your strangely shaped body. [potion of mutation]
  3120 | D:5      | Lost mutation: You are somewhat resistant to further mutation. [potion of mutation]
  3120 | D:5      | Gained mutation: Armour fits poorly on your strangely shaped body. [potion of mutation]
  3120 | D:5      | Gained mutation: You are clumsy. (Dex -2) [potion of mutation]
  3120 | D:5      | Gained mutation: You tend to lose your temper in combat. [potion of mutation]
  3120 | D:5      | Gained mutation: Your spells are a little harder to cast, but a little more powerful. [potion of mutation]
  3231 | D:5      | Reached skill level 1 in Invocations
  3281 | D:5      | Paralysed by an orc for 3 turns
  3513 | D:6      | Found a glowing silver altar of Zin.
  3513 | D:6      | Noticed an angel
  3520 | D:6      | Found a shimmering altar of Xom.
  3535 | D:6      | Reached XP level 8. HP: 79/79 MP: 7/7
  3621 | D:6      | Found a sand-covered staircase.
  3628 | Ossuary  | Entered an ossuary
  3695 | Ossuary  | Reached *** piety under Cheibriados
  3803 | D:6      | Noticed Dowan
  3812 | D:6      | Killed Dowan
  3812 | D:6      | Reached skill level 5 in Fighting
  3820 | D:6      | Noticed Duvessa
  3833 | D:6      | Killed Duvessa
  3833 | D:6      | Reached skill level 8 in Unarmed Combat
  4298 | D:6      | Gained mutation: You expend magic power (3 MP) to strengthen your wands. [mutagenic meat]
  4299 | D:6      | Gained mutation: You are robust. (+10% HP) [mutagenic meat]
  4300 | D:6      | Gained mutation: You have large cloven feet. [mutagenic meat]
  4303 | D:6      | Gained mutation: You are partially covered in slimy green scales. (AC +2) [mutagenic meat]
  4617 | D:7      | Reached **** piety under Cheibriados
  4730 | D:7      | Reached skill level 9 in Unarmed Combat
  4730 | D:7      | Reached XP level 9. HP: 74/96 MP: 10/10
  4732 | D:7      | Found a basalt altar of Yredelemnul.
  4749 | D:7      | Lost mutation: Armour fits poorly on your strangely shaped body. [mutagenic meat]
  5056 | D:7      | Found a deep blue altar of Sif Muna.
  5148 | D:7      | Found an ancient bone altar of Kikubaaqudgha.
  5322 | D:7      | Reached ***** piety under Cheibriados
  5625 | D:8      | Noticed Joseph
  5632 | D:8      | Killed Joseph
  5632 | D:8      | Reached skill level 5 in Throwing
  5632 | D:8      | Reached skill level 10 in Unarmed Combat
  5680 | D:8      | Got a steaming emerald amulet
  5681 | D:8      | Identified the amulet of Xegab {Gourm MR+} (You found it on level 8 of the Dungeon)
  5717 | D:8      | Noticed Erica
  5725 | D:8      | Killed Erica
  5725 | D:8      | Reached XP level 10. HP: 81/110 MP: 12/12
  5907 | D:8      | Noticed Psyche
  5917 | D:8      | Killed Psyche
  5941 | D:8      | Reached skill level 5 in Invocations
  5977 | D:8      | Found a roughly hewn altar of Beogh.
  5991 | D:8      | Found a sparkling altar of Nemelex Xobeh.
  6455 | D:8      | Reached skill level 11 in Unarmed Combat
  6518 | D:8      | Noticed a two-headed ogre
  6659 | D:8      | Killed a two-headed ogre
  6944 | D:9      | Reached XP level 11. HP: 48/119 MP: 14/14
  7143 | D:9      | Reached ****** piety under Cheibriados
  7255 | D:9      | Found a staircase to the Lair.
  7266 | D:9      | Noticed a two-headed ogre
  7273 | D:9      | Killed a two-headed ogre
  7318 | D:9      | Found a staircase to the Orcish Mines.
  7549 | D:9      | Found Roerphu's Gadget Boutique.
  7657 | D:9      | Reached skill level 12 in Unarmed Combat
  7870 | D:9      | Reached skill level 5 in Dodging
  7883 | Lair:1   | Entered Level 1 of the Lair of Beasts
  8293 | Lair:1   | Noticed Harold
  8307 | Lair:1   | Killed Harold
  8372 | Lair:1   | Lost mutation: You expend magic power (3 MP) to strengthen your wands. [potion of mutation]
  8372 | Lair:1   | Lost mutation: You are robust. (+10% HP) [potion of mutation]
  8372 | Lair:1   | Gained mutation: Your body sometimes deteriorates upon taking damage. [potion of mutation]
  8372 | Lair:1   | Gained mutation: You are partially covered in yellow scales. (AC +2) [potion of mutation]
  8640 | Lair:1   | Found an ornate altar of the Wu Jian Council.
  8835 | Lair:2   | Noticed Urug
  8844 | Lair:2   | Killed Urug
  8935 | Lair:2   | Reached skill level 13 in Unarmed Combat
  8949 | Lair:2   | Found a staircase to the Snake Pit.
  9281 | Lair:2   | Noticed Nergalle
  9288 | Lair:2   | Killed Nergalle
  9288 | Lair:2   | Reached XP level 12. HP: 118/118 MP: 16/16
  9837 | Lair:3   | Slain by an elephant

Vault maps used:
D:1:      eino_arrival_cavern_c
D:4:      nicolae_overflow_crystal_walls, temple_statues, serial_curves,
          eino_curves_01, eino_curves_04, glass_columns_a
D:5:      first_bread
D:6:      grunt_temple_overflow_order_and_chaos_1, gup_ossuary_entry_pyramid,
          minmay_misc_feat_enclosed, uniq_duvessa
D:7:      lemuel_coloured_pillars_altar, yredelemnul_forgotten_temple_becter,
          kiku_gazebo_pond_becter
D:8:      kennysheep_mini_moat, special_room, the_bakery,
          roderic_greek_sauvastika, minmay_misc_feat_ornament,
          nicolae_looking_at_the_future, uniq_erica, uniq_psyche, uniq_joseph
D:9:      due_lair_maze_entry_diamond, orc_0_dummy, serial_shops, shop
Temple:   regret_index_temple_waves
Lair:1:   lemuel_centaur_altar, uniq_harold
Lair:2:   guppyfry_snake_entry_island, serial_bayou_shore_a, uniq_urug,
          uniq_nergalle
Ossuary:  minmay_ossuary_gauntlet

Skill      XL: |  1  2  3  4  5  6  7  8  9 10 11 |
---------------+----------------------------------+-----
Unarmed Combat | 4 5 6 7 9 10 11 13 | 13.4
Fighting       | 3 4 5 6 7 |  7.4
Throwing       | 1 2 3 5 |  5.1
Invocations    | 1 3 4 6 7 |  7.6
Dodging        | 4 6 |  6.2
Stealth        | |  1.0

Action                   |  1- 3 |  4- 6 |  7- 9 | 10-12 || total
-------------------------+-------+-------+-------+-------++-------
Melee: Unarmed           |    82 |   114 |   287 |   315 ||   798
       Punch             |       |     1 |    10 |    29 ||    40
       Kick              |       |       |    54 |   128 ||   182
Throw: Large rock        |       |       |     1 |     2 ||     3
       Tomahawk          |       |       |       |     1 ||     1
Invok: Bend Time         |       |       |       |     1 ||     1
       Slouch            |       |       |       |     1 ||     1
  Use: Scroll            |       |       |    10 |    13 ||    23
       Potion            |       |       |     2 |     2 ||     4
 Stab: Sleeping          |       |     3 |       |     4 ||     7
  Eat: Chunk             |    15 |    14 |    28 |    27 ||    84
Armor: Robe              |    26 |    55 |   106 |   125 ||   312
Dodge: Dodged            |    56 |    68 |   195 |   275 ||   594
